 Dungeon Crawl Stone Soup version 0.28-a0-991-g956f0ee3d5 (webtiles) character file.

Game seed: 2661399527502283936

7 Colgate the Skirmisher (level 2, -2/32 HPs)
             Began as an Ogre Berserker on Dec 5, 2021.
             Was a Follower of Trog.
             Killed by nerve-wracking pain
             ... invoked by Jessica
              (5 damage)
             ... on level 2 of the Dungeon.
             The game lasted 00:02:30 (679 turns).

Colgate the Skirmisher (Ogre Berserker)              Turns: 679, Time: 00:02:31

Health: -2/32      AC:  3    Str: 20    XL:     2   Next: 0%
Magic:  2/2        EV: 10    Int:  8    God:    Trog [*.....]
Gold:   0          SH:  0    Dex:  8    Spells: 1/1 levels left

rFire   . . .      SeeInvis .   a - +0 mace
rCold   . . .      Faith    .   (no shield)
rNeg    . . .      Spirit   .   b - +0 animal skin
rPois   .          Reflect  .   (helmet restricted)
rElec   .          Harm     .   (no cloak)
rCorr   .          Rampage  .   (gloves unavailable)
Will    .....                   (boots unavailable)
Stlth   +.........              (no amulet)
HPRegen 0.10/turn               (no ring)
MPRegen 0.08/turn               (no ring)

@: slowed, very slow
A: large, unfitting armour, tough skin 1
a: Renounce Religion, Berserk


You were on level 2 of the Dungeon.
You worshipped Trog.
Trog was aware of your devotion.
You visited 1 branch of the dungeon, and saw 2 of its levels.

Inventory:

Hand Weapons
 a - a +0 mace (weapon)
Missiles
 c - 21 stones (quivered)
Armour
 b - a +0 animal skin (worn)
Scrolls
 e - a scroll of identify {unknown}
 g - a scroll of enchant weapon {unknown}
Potions
 d - a potion of berserk rage {unknown}
 f - a potion of curing {unknown}
 h - a potion of haste {unknown}
 i - a potion of magic {unknown}


   Skills:
 - Level 4.0 Fighting
 + Level 3.1 Maces & Flails
 - Level 2.6 Dodging


You had one spell level left.
You didn't know any spells.
Your spell library was empty.

Dungeon Overview and Level Annotations

Branches:
Dungeon (1/15)

Altars:

Shops:
D:1 ??*

Annotations:
D:2 Jessica


Innate Abilities, Weirdness & Mutations

You are too large for most types of armour.
You have tough skin. (AC +1)


Message History

You sock the bat!
You kill the bat!
Trog accepts your kill.
Found a club.
A sudden malevolence fills the Dungeon...
You fall into a shaft and drop 1 floor!
The shaft crumbles and collapses.
A quokka comes into view.
The quokka misses you.
You hit the quokka.
The quokka is heavily wounded.
The quokka bites you but does no damage.
The quokka bites you.
You hit the quokka.
The quokka is almost dead.
The quokka closely misses you.
You hit the quokka.
You kill the quokka!
Trog accepts your kill.
You have reached level 2!
HP restored.
Found a stone staircase leading down.
Jessica the Apprentice Sorceress comes into view.
She is wielding a +0 dagger and wearing a +2 robe of willpower.
Jessica shouts!
Jessica points at you and mumbles some strange words.
You feel yourself slow down. Jessica hits you with a +0 dagger. x2
You closely miss Jessica. Jessica hits you with a +0 dagger.
You sock Jessica!
Jessica is almost dead.
Jessica points at you and mumbles some strange words.
Pain shoots through your body!
* * * LOW HITPOINT WARNING * * *
Jessica hits you with a +0 dagger.
* * * LOW HITPOINT WARNING * * *
You hit Jessica but do no damage.
Jessica is almost dead.
Jessica gestures at you while chanting. Pain shoots through your body!
You die...

.. .# .. ... #.#
#. #.. #.#+
#.##.. #... ..#.#
#.. #######@#.#
#.. .......@#.#
#.# ..........#
#.#
..........#####.#
########..#.....#
##.#.....#
#.#.....#
#.......#
#......†#
#.......#


You could see Jessica.

Vanquished Creatures
  2 giant cockroaches (D:1)
  A hobgoblin (D:1)
  A quokka (D:2)
  A bat (D:1)
  A rat (D:1)
6 creatures vanquished.

Notes
Turn   | Place    | Note
-------+----------+-------------------------------------------
     0 | D:1      | Colgate the Ogre Berserker began the quest for the Orb.
     0 | D:1      | Reached XP level 1. HP: 24/24 MP: 1/1
   257 | D:1      | Found Jusk's Magic Scroll Emporium.
   462 | D:1      | Found Hobruenos's General Store.
   589 | D:1      | Found Losobar's Magic Scroll Boutique.
   625 | D:1      | You fall into a shaft and drop 1 floor!
   633 | D:2      | Reached XP level 2. HP: 30/32 MP: 2/2
   673 | D:2      | Noticed Jessica
   679 | D:2      | Killed from afar by Jessica

Illustrated notes

Levels and vault maps discovered:
D:1:      dpeg_arrival_pond, layout_loops_corners, serial_shops,
          nicolae_shop_crystal, nicolae_shop_hallway_plus, shop
D:2:      cheibrodos_fertilizer, layout_basic,
          hellmonk_ecumenical_altar_slurped_away, serial_undead,
          serial_undead_a, serial_undead_a, serial_undead_a, serial_undead_b,
          uniq_jessica

Skill      XL: |  1 |
---------------+----+-----
Maces & Flails | 3 |  3.1
Fighting       | |  4.0
Dodging        | |  2.6

Action                   || total
-------------------------++-------
Melee: Mace              ||    27
Armor: Animal skin       ||     6
Dodge: Dodged            ||    15

Table legend: (Time is in decaauts)
 A = Elapsed time spent in this place.
 B = Non-inter-level travel time spent in this place.
 C = Inter-level travel time spent in this place.
 D = Time resting spent in this place.
 E = Time spent auto-exploring this place.
 F = Levels seen in this place.
 G = Mean time per level.
                   A        B        C        D        E       F      G
               +--------+--------+--------+--------+--------+-----+--------+
         Total |    688 |    688 |      0 |      0 |    595 |   2 |  344.0 |
       Dungeon |    688 |    688 |      0 |      0 |    595 |   2 |  344.0 |
               +--------+--------+--------+--------+--------+-----+--------+

Top non-repeatable levels by time:
     D:1: 630 daAuts
     D:2: 57 daAuts
